 Dungeon Crawl Stone Soup version 0.29.0-10-g45618ea6d2 (webtiles) character file.

Game seed: 16473454272326513481

2751 gelatine the Shooter (level 9, -5/63 (64) HPs)
             Began as a Demonspawn Wanderer on Sept 1, 2022.
             Was a Priest of Makhleb.
             Killed from afar by a gargoyle (11 damage)
             ... with a stone arrow
             ... on level 8 of the Dungeon.
             The game lasted 00:27:13 (8801 turns).

gelatine the Shooter (Demonspawn Wanderer)          Turns: 8801, Time: 00:27:13

HP:   -5/63 (64)    AC: 11    Str: 10    XL:     9   Next: 41%
MP:   15/15         EV: 12    Int: 16    God:    Makhleb [***...]
Gold: 437           SH:  0    Dex: 17    Spells: 12/16 levels left

rFire   . . .      SeeInvis .   t - +2 hand crossbow
rCold   . . .      Faith    .   (no shield)
rNeg    . . .      Spirit   .   I - +2 leather armour {Will+}
rPois   .          Reflect  .   (no helmet)
rElec   .          Harm     .   x - +2 cloak
rCorr   .          Rampage  .   i - +1 pair of gloves {Stlth+}
Will    +....                   A - +0 pair of boots
Stlth   +++.......              y - amulet of the acrobat
HPRegen 0.20/turn               (no ring)
MPRegen 0.14/turn               (no ring)

@: lightly drained
A: demonic guardian 1, powered by death 1, weakness stinger 2
a: Renounce Religion, Minor Destruction, Lesser Servant of Makhleb


You were on level 8 of the Dungeon.
You worshipped Makhleb.
Makhleb was most pleased with you.
You visited 2 branches of the dungeon, and saw 9 of its levels.

You collected 437 gold pieces.

Inventory:

Hand Weapons
 a - a +2 falchion
 c - a +5 spear of freezing
 e - a +1 great sword of electrocution
 j - a +3 dire flail
 t - a +2 hand crossbow (weapon)
 J - a +5 great sword
Missiles
 b - 9 boomerangs
 h - 25 poisoned darts
 v - 3 curare-tipped darts
 E - 6 silver boomerangs
Armour
 i - a +1 pair of gloves of stealth (worn)
 k - a +2 pair of gloves
 l - a +0 buckler
 m - the +10 chain mail of Resonance {Harm rElec rPois Dex+2}
   (You found it on level 5 of the Dungeon)

   Dex:       It affects your dexterity (+2).
   rElec:     It insulates you from electricity.
   rPois:     It protects you from poison.
   Harm:      It increases damage dealt and taken.
 x - a +2 cloak (worn)
 A - a +0 pair of boots (worn)
 I - a +2 leather armour of willpower (worn)
Jewellery
 y - an amulet of the acrobat (around neck)
Wands
 q - a wand of roots (12)
 H - a wand of flame (40)
Scrolls
 g - a scroll of noise
 o - a scroll of amnesia
 p - a scroll of butterflies
 r - a scroll of vulnerability {unknown}
 s - 2 scrolls of teleportation
 z - 2 scrolls of acquirement
 C - a scroll of fear
 D - 2 scrolls of silence {unknown}
Potions
 d - 2 potions of brilliance
 f - 2 potions of curing
 n - 6 potions of might
 u - 2 potions of flight
 w - a potion of resistance
 B - a potion of lignification
 F - a potion of magic
 G - a potion of experience {unknown}


   Skills:
 + Level 3.3 Fighting
 + Level 3.0 Long Blades
 * Level 6.6 Ranged Weapons
 + Level 3.1 Throwing
 * Level 3.1 Armour
 * Level 2.5 Dodging
 + Level 0.8 Stealth
 + Level 4.3 Spellcasting
 + Level 3.7 Conjurations
 + Level 3.4 Air Magic
 * Level 5.5 Invocations


You had 12 spell levels left.
You knew the following spells:

 Your Spells              Type           Power      Damage    Failure   Level
a - Shock                 Conj/Air       60%        1d6       4%          1
b - Mephitic Cloud        Conj/Pois/Air  11%        N/A       24%         3

Your spell library contained the following spells:

 Spells                   Type           Power      Damage    Failure   Level
 Sublimation of Blood     Necr           3%         N/A       32%         2
 Wereblood                Tmut           3%         N/A       32%         2
 Iskenderun's Battlesphe  Conj           15%        2d7       77%         5
 Iron Shot                Conj/Erth      4%         9d2       100%        6
 Spellforged Servitor     Conj/Summ      4%         N/A       100%        7
 Summon Hydra             Summ           1%         N/A       100%        7


Dungeon Overview and Level Annotations

Branches:
Dungeon (8/15)             Temple (1/1) D:7
   Lair: D:8-11

Altars:
Ashenzari
Cheibriados
Gozag
Hepliaklqana
Kikubaaqudgha
Makhleb
Nemelex Xobeh
Okawaru
Qazlal
Sif Muna
Vehumet
Wu Jian
Xom
Yredelemnul

Shops:
D:5 *


Innate Abilities, Weirdness & Mutations

A weak demonic guardian rushes to your aid.
You regenerate a little health from kills.
You have a tail ending in a sharp stinger.


Message History

The gargoyle is heavily damaged.
You shoot a bolt.
The bolt hits the gargoyle but does no damage.
The gargoyle is heavily damaged.
The gargoyle closely misses you.
Aiming: Minor Destruction (1% risk of failure)
Press: ? - help, Shift-Dir - straight line, f/p - gargoyle
Aim: a gargoyle, wielding a +0 morningstar (heavily damaged)
The gargoyle is unaffected.
The gargoyle closely misses you.
Aiming: Minor Destruction (1% risk of failure)
Press: ? - help, Shift-Dir - straight line, f/p - gargoyle
Aim: a gargoyle, wielding a +0 morningstar (heavily damaged)
The puff of flame hits the gargoyle but does no damage.
The gargoyle is heavily damaged.
The gargoyle misses you.
Unknown command.
Aiming: Minor Destruction (1% risk of failure)
Press: ? - help, Shift-Dir - straight line, f/p - gargoyle
Aim: a gargoyle, wielding a +0 morningstar (heavily damaged)
The zap hits the gargoyle.
The gargoyle completely resists.
The gargoyle is heavily damaged.
The gargoyle closely misses you.
Aiming: Minor Destruction (1% risk of failure)
Press: ? - help, Shift-Dir - straight line, f/p - gargoyle
Aim: a gargoyle, wielding a +0 morningstar (heavily damaged)
The stone arrow hits the gargoyle but does no damage.
The gargoyle is heavily damaged.
The gargoyle closely misses you.
Really attack while wielding your +2 hand crossbow?
Okay, then.
You shoot a bolt.
The bolt hits the gargoyle but does no damage.
The gargoyle is heavily damaged.
The gargoyle hurls a stone arrow at you.
The stone arrow hits you!!
* * * LOW HITPOINT WARNING * * *
A demonic guardian appears!
The gargoyle hurls a stone arrow at you.
The stone arrow hits you!
You die...

# #
....#.###########
#....<....9@.5#
#....########.#
#.#.. # .. #.. #
#.† .#. .... ..##


You could see a gargoyle (ally target) and a friendly white imp (summoned).

Vanquished Creatures
  Grinder (D:6)
  2 black bears
  2 orc warriors
  A sky beast (D:8)
  2 ice beasts
  3 ogres
  3 phantoms
  4 scorpions
  10 wights
  3 hounds
  2 orc priests
  An iguana (D:5)
  4 orc wizards
  2 hound zombies (D:4)
  7 adders
  A white imp (D:6)
  An ufetubus (D:5)
  An adder zombie (D:4)
  2 worms (D:3)
  4 dart slugs
  15 orcs
  12 ball pythons
  6 endoplasms
  4 giant cockroaches
  2 goblins (D:1)
  8 hobgoblins
  5 quokkas
  6 bats
  5 frilled lizards
  9 kobolds
  2 quokka zombies (D:4)
  11 rats
141 creatures vanquished.

Vanquished Creatures (collateral kills)
  A black bear (D:5)
  A wight (D:7)
  An orc priest (D:7)
  An iguana (D:5)
  2 adders
  A shadow imp (D:7)
  2 ufetubi (D:5)
  4 orcs
13 creatures vanquished.

Vanquished Creatures (others)
  12 plants
12 creatures vanquished.

Grand Total: 166 creatures vanquished

Notes
Turn   | Place    | Note
-------+----------+-------------------------------------------
     0 | D:1      | gelatine the Demonspawn Wanderer began the quest for the
                  | Orb.
     0 | D:1      | gelatine set off with the following items: a +2 falchion, 9
                  | boomerangs, a +0 dagger, a potion of brilliance, a +0 robe;
                  | and the following spell memorised: Shock; and the following
                  | spells available to memorise: Mephitic Cloud.
     0 | D:1      | Reached XP level 1. HP: 15/15 MP: 3/3
   343 | D:1      | Gained mutation: You have a small tail. [demonic ancestry]
   343 | D:1      | Reached XP level 2. HP: 21/21 MP: 1/5
  1444 | D:2      | Gained mutation: A weak demonic guardian rushes to your
                  | aid. [demonic ancestry]
  1444 | D:2      | Reached XP level 3. HP: 26/26 MP: 2/6
  1719 | D:2      | Reached skill level 1 in Conjurations
  2042 | D:2      | Found a faded altar of an unknown god.
  2065 | D:2      | Prayed at the altar of an unknown god.
  2065 | D:2      | Became a worshipper of Makhleb the Destroyer
  2065 | D:2      | Reached * piety under Makhleb
  2275 | D:3      | Gained mutation: You regenerate a little health from kills.
                  | [demonic ancestry]
  2275 | D:3      | Reached XP level 4. HP: 32/32 MP: 2/7
  2279 | D:3      | Learned a level 3 spell: Mephitic Cloud
  2674 | D:3      | Reached skill level 1 in Invocations
  3422 | D:3      | Reached ** piety under Makhleb
  3826 | D:4      | Gained mutation: You have a tail ending in a sharp stinger.
                  | [demonic ancestry]
  3826 | D:4      | Reached XP level 5. HP: 37/37 MP: 2/9
  3976 | D:4      | Found an opulent altar of Gozag.
  4068 | D:4      | Noticed an ogre
  4083 | D:4      | Killed an ogre
  4200 | D:4      | Reached skill level 1 in Dodging
  4341 | D:4      | Reached XP level 6. HP: 43/43 MP: 5/10
  4890 | D:4      | Found a basalt altar of Yredelemnul.
  5308 | D:5      | Entered Level 5 of the Dungeon
  5432 | D:5      | Reached XP level 7. HP: 43/49 MP: 4/12
  5758 | D:5      | Identified the +10 chain mail of Resonance {Harm rElec
                  | rPois Dex+2}
  5982 | D:5      | Found Luddokist's General Store.
  6048 | D:5      | Reached skill level 1 in Ranged Weapons
  6516 | D:6      | Reached skill level 2 in Ranged Weapons
  6516 | D:6      | Reached XP level 8. HP: 49/56 MP: 14/14
  6769 | D:6      | Reached skill level 1 in Armour
  7010 | D:6      | Reached skill level 3 in Ranged Weapons
  7051 | D:6      | Found a broken altar of Ashenzari.
  7224 | D:6      | Noticed Grinder
  7224 | D:6      | Paralysed by Grinder for 4 turns
  7231 | D:6      | Killed Grinder
  7232 | D:6      | Reached skill level 4 in Ranged Weapons
  7602 | D:7      | Identified 2 scrolls of acquirement
  7870 | D:7      | Reached *** piety under Makhleb
  7871 | D:7      | Reached skill level 5 in Ranged Weapons
  7901 | D:7      | Reached XP level 9. HP: 30/61 MP: 15/15
  7912 | D:7      | Reached skill level 5 in Invocations
  8336 | D:7      | Reached skill level 6 in Ranged Weapons
  8431 | D:7      | Found a staircase to the Ecumenical Temple.
  8451 | Temple   | Entered the Ecumenical Temple
  8785 | D:8      | Noticed a gargoyle
  8801 | D:8      | Killed from afar by a gargoyle

Illustrated notes

Levels and vault maps discovered:
D:1:      dpeg_arrival_ratfight, layout_basic
D:2:      layout_rooms, shapermc_ecumenical_altar_ellora,
          kennysheep_generic_room_8
D:3:      minmay_thinvault, layout_rooms
D:4:      layout_basic, grunt_gozag_statues, nicolae_yredelemnul_corpse_copse,
          serial_bayou_lagoon_a
D:5:      layout_cave_pools, serial_shops, shop, corexii_leaking_fountain,
          minmay_misc_feat_pillars
D:6:      layout_basic, ashenzari_altar_1, uniq_grinder
D:7:      layout_loops_ring, minmay_temple_entry_junction,
          lightli_corner_chamber
D:8:      layout_loops_ring, nicolae_uskayaw_suspiria, minitemple,
          enter_bailey_8
Temple:   nicolae_temple_bog_church

Skill      XL: |  1  2  3  4  5  6  7  8  9 |
---------------+----------------------------+-----
Long Blades    | 2 3 |  3.0
Air Magic      | 2 3 |  3.4
Throwing       | 3 |  3.1
Conjurations   | 1 2 3 |  3.7
Invocations    | 1 2 3 4 5 |  5.5
Spellcasting   | 3 4 |  4.3
Dodging        | 1 2 |  2.5
Fighting       | 2 3 |  3.3
Ranged Weapons | 2 5 6 |  6.6
Armour         | 2 3 |  3.1
Stealth        | |  0.8

Action                   |  1- 3 |  4- 6 |  7- 9 || total
-------------------------+-------+-------+-------++-------
Melee: Falchion          |    38 |    81 |    11 ||   130
       Tailslap          |     1 |    10 |     2 ||    13
       Punch             |     1 |     3 |       ||     4
 Fire: Hand crossbow     |       |       |   143 ||   143
Throw: Boomerang         |     3 |       |       ||     3
 Cast: Shock             |    64 |   146 |    18 ||   228
Invok: Minor Destruction |       |       |     5 ||     5
       Lesser Servant of |       |       |     1 ||     1
  Use: Scroll            |       |       |    12 ||    12
       Potion            |       |       |     6 ||     6
Armor: Robe              |    22 |    38 |     2 ||    62
       Chain mail        |       |       |    92 ||    92
       Leather armour    |       |       |    11 ||    11
Dodge: Dodged            |    43 |    54 |    58 ||   155
